AoeStats
← blamps

Arena

509058462Analyzed
3v3 RM · 9d ago on Sep 25, 2026· 50m 4s· 6 players
Game mode
Random Map
Map size
Normal (6 player)
Population
200
Speed
Normal
Resources
Standard
Victory
Conquest
Starting age
Dark Age
Ending age
Imperial Age
RankedLock teamsTeams togetherTeam positionsShared explorationLock speedFull tech treeHidden civsTurbo modeCheats
Victory
Defeat
🇨🇭 Bohemians · Switzerland
816
+14
🇨🇳 Mongols · China
707
+19
🇧🇪 Celts · Belgium
639
+21
🇬🇧 Portuguese · United Kingdom
1000
-108
🇬🇧 Persians · United Kingdom
703
-16
🇬🇧 Britons · United Kingdom
596
-11
sir8Lampard
0:33 Loom
11:00 Feudal Age
12:54 Wheelbarrow
14:10 Double-Bit Axe
24:30 Castle Age
23:12 Horse Collar
23:26 Gold Mining
23:28 Stone Mining
27:11 Light Cavalry
37:19 Imperial Age
35:06 Hand Cart
35:03 Bow Saw
34:55 Heavy Plow
36:30 Stone Shaft Mining
41:40 Conscription
43:19 Elite Woad Raider
45:20 Heavy Scorpion
45:21 Capped Ram
46:42 Furor Celtica
47:14 Siege Ram
48:34 Ballistics
48:04 Onager
50:29 Chemistry
marti
10:05 Loom
12:18 Feudal Age
14:21 Wheelbarrow
13:33 Horse Collar
13:41 Double-Bit Axe
20:52 Castle Age
20:37 Forging
20:28 Scale Mail Armor
21:21 Pikeman
22:02 Squires
23:34 Arson
24:49 Iron Casting
25:20 Town Watch
29:40 Bow Saw
29:34 Heavy Plow
31:22 Hand Cart
31:08 Town Patrol
33:54 Chain Mail Armor
34:46 Man-at-Arms
36:17 Fletching
36:28 Padded Archer Armor
37:52 Caravan
42:25 Ballistics
43:06 Chemistry
42:04 Bodkin Arrow
42:25 Leather Archer Armor
45:39 Imperial Age
43:56 Crossbowman
46:02 Halberdier
46:35 Capped Ram
48:48 Conscription
zeng2382024
0:27 Loom
10:02 Feudal Age
14:47 Castle Age
12:59 Horse Collar
13:48 Double-Bit Axe
25:43 Padded Archer Armor
25:34 Fletching
32:08 Wheelbarrow
36:06 Imperial Age
33:27 Town Watch
36:44 Ballistics
36:20 Murder Holes
38:08 Leather Archer Armor
40:04 Conscription
39:44 Nomads
40:50 Elite Mangudai
42:02 Bow Saw
42:10 Hand Cart
41:56 Town Patrol
42:00 Bodkin Arrow
43:16 Heavy Plow
43:37 Gold Mining
43:37 Stone Mining
45:14 Coinage
44:15 Capped Ram
45:40 Drill
47:33 Chemistry
46:53 Siege Ram
48:03 Caravan
51:04 Banking
Warmhandz
11:36 Feudal Age
13:25 Horse Collar
13:33 Double-Bit Axe
23:46 Castle Age
22:25 Gold Mining
23:27 Padded Archer Armor
23:18 Fletching
24:27 Pikeman
27:47 Leather Archer Armor
27:29 Bodkin Arrow
29:05 Crossbowman
blamps
11:35 Feudal Age
24:13 Castle Age
24:36 Wheelbarrow
25:45 Double-Bit Axe
25:53 Gold Mining
25:53 Stone Mining
25:58 Horse Collar
27:49 Hand Cart
41:52 Imperial Age
40:27 Bow Saw
40:55 Stone Shaft Mining
40:32 Heavy Plow
46:58 Two-Man Saw
46:41 Crop Rotation
Delacoal
11:39 Feudal Age
15:19 Castle Age
15:16 Loom
16:07 Fletching
16:12 Double-Bit Axe
16:10 Horse Collar
23:19 Stone Mining
23:21 Gold Mining
23:32 Bodkin Arrow
26:39 Stone Shaft Mining
26:39 Gold Shaft Mining
28:20 Gold Shaft Mining
31:57 Imperial Age
31:44 Heavy Plow
32:20 Scale Barding Armor
32:46 Kamandaran
33:07 Conscription
33:50 Chain Barding Armor
35:44 Bloodlines
35:35 Husbandry
35:43 Thumb Ring
34:59 Crossbowman
35:43 Padded Archer Armor
37:34 Crop Rotation
37:42 Wheelbarrow
37:24 Cavalier
42:11 Savar
44:44 Bow Saw
44:02 Light Cavalry
45:28 Heated Shot
46:01 Ballistics
45:37 Murder Holes
45:58 Forging
Connection lost

Rejoining the realm…

Still unreachable

The connection could not be restored.

Session expired

The server has moved on; the page needs a fresh start.